[Event "Live Chess"]
[Site "Chess.com"]
[Date "2023.05.20"]
[Round "-"]
[White "f4nomore"]
[Black "Fayn02"]
[Result "1-0"]
[WhiteElo "1351"]
[BlackElo "1020"]
[TimeControl "300"]
[EndTime "9:18:53 PDT"]
[Termination "f4nomore won by resignation"]

1. b3 e5 2. Bb2 Nc6 3. e3 d6 4. Nc3 Be6 5. Nge2 Nf6 6. h3 Be7 7. Ng3 Nd5 8. Nxd5 Bxd5 9. e4 Be6 10. Be2 O-O 11. O-O a5 12. Bg4 Bxg4 13. Qxg4 h6 14. Nh5 g6 15. Ng3 h5 16. Qe2 Bh4 17. Nh1 Qg5 18. g3 Bxg3 19. fxg3 h4 20. g4 f5 21. exf5 gxf5 22. Nf2 fxg4 23. Nxg4 Rxf1+ 24. Rxf1 Ne7 25. d3 Nf5 26. Qf3 Ng3 27. Qf7+ Kh8 28. Qf6+ Qxf6 29. Rxf6 Ne2+ 30. Kg2 Nf4+ 31. Kh2 Rg8 32. Rf7 Rc8 33. Bc1 b5 34. Bxf4 exf4 35. Rxf4 c5 36. Rf5 Kg7 37. Rh5 Kf7 38. Rxh4 Ke6 39. Rh6+ Kd5 40. c4+ bxc4 41.
dxc4+ Kd4 42. Rxd6+ Kc3 43. Ra6 Re8 44. Rxa5 Re2+ 45.
Kg3 Rd2 1-0

[Event "Live Chess"]
[Site "Chess.com"]
[Date "2023.05.20"]
[Round "-"]
[White "Demyan7777"]
[Black "Bob2pen"]
[Result "0-1"]
[WhiteElo "1625"]
[BlackElo "1706"]
[TimeControl "300"]
[EndTime "9:18:54 PDT"]
[Termination "Bob2pen won by resignation"]

1. e4 e6 2. d4 d5 3. Nd2 Nf6 4. e5 Nfd7 5. Bd3 c5 6. c3 Nc6 7. Ne2 cxd4 8. cxd4 f6 9. f4 fxe5 10.
fxe5 Nxd4 11. Nxd4 Qh4+ 12. g3 Qxd4 13. Nf3 Bb4+ 14.
Bd2 Qe3+ 15. Kf1 Qxd3+ 16. Kg2 Bxd2 17. Nxd2 O-O 18. Nf3 Qxd1 19. Rhxd1 Nb6 20. Rac1 Bd7 21. b3 Rac8 22. Nd4 Rxc1 23. Rxc1 Rc8 24. Rxc8+ Nxc8 25. Kf3 Ne7 26. Ne2 Kf7 27. Ke3 Nc6 28. Kf4 h6 29. h4 Nb4 30. a3 Nd3+ 31. Ke3 Nxe5 32. Nd4 Nc6 33. Nb5 a6 34. Nc3 d4+ 0-1

[Event "Live Chess"]
[Site "Chess.com"]
[Date "2023.05.20"]
[Round "-"]
[White "defenderalist"]
[Black "AlanPaling"]
[Result "1-0"]
[WhiteElo "1595"]
[BlackElo "1188"]
[TimeControl "300"]
[EndTime "9:18:58 PDT"]
[Termination "defenderalist won by resignation"]

1. e4 Nf6 2. Nc3 d5 3. exd5 Nxd5 4. Nxd5 Qxd5 5. Ne2 Bf5 6. Nc3 Qc5 7. Bb5+ c6 8. Be2 Nd7 9. O-O e6 10. d3 Be7 11. Be3 Qa5 12. a3 O-O 13. b4 Qc7 14. Qd2 Bf6 15. Rab1 a6 16. Ne4 Nb6 17. Nxf6+ gxf6 18. Bh6 Rfd8 19. Qe3 Nd5 20. Qg3+ Qxg3 21. fxg3 Nc3 22. Rbe1 Nxe2+ 23. Rxe2 Kh8 24. h3 Rg8 25. g4 Bg6 26. Rxf6 Rad8 27. Ref2 Rd7 28. h4 Rgd8 29. h5 Bxd3 30. cxd3 Kg8 31. R6f3 b6 32. Bg5 Re8 33. h6 e5 34. Rf6 e4 35. dxe4 Rxe4 36. Rxc6 Re8 37.
Rxb6 Rd5 38. Bf6 Rd1+ 39. Kh2 Rd5 40. g5 Rd7 41. Rxa6 Rc7 42. Rd2 Rcc8 43. Rad6 Re6 44.
Rd8+ Re8 45. Rxc8 Rxc8 46. Rd8+ Rxd8 47. Bxd8 1-0

[Event "Live Chess"]
[Site "Chess.com"]
[Date "2023.05.20"]
[Round "-"]
[White "peter-785"]
[Black "flyingpuffins"]
[Result "0-1"]
[WhiteElo "1151"]
[BlackElo "1983"]
[TimeControl "300"]
[EndTime "9:19:00 PDT"]
[Termination "flyingpuffins won by resignation"]

1. e4 d5 2. exd5 Qxd5 3. d4 e5 4. Nf3 Bg4 5. Be2 Nc6 6. h3 Bxf3 7. Bxf3 Qxd4 8. Qxd4 Nxd4 9. Na3 Nxf3+ 10. gxf3 O-O-O 11. Bd2 f6 12. Nc4 Ne7 13. O-O-O Nc6 14. Bc3 Bc5 15.
Rhf1 Nd4 16. Bxd4 Bxd4 17. c3 Bb6 18. Nxb6+ axb6 19. Rxd8+ Rxd8 20. Rd1 Rxd1+ 21. Kxd1 Kd7 22. Kd2 Ke6 23. Ke3 Kf5 24. b4 b5 25. a3 Kg5 26.
Kd3 Kf4 27. c4 bxc4+ 28. Kxc4 Kxf3 29. Kc5 Kxf2 30. b5 e4 31. b6 c6 32. a4 e3 33.
a5 e2 34. a6 bxa6 35. b7 e1=Q 36. b8=Q Qe5+ 37. Qxe5 fxe5 38. Kxc6 e4 0-1

[Event "Live Chess"]
[Site "Chess.com"]
[Date "2023.05.20"]
[Round "-"]
[White "Trendle"]
[Black "noobsmoker24"]
[Result "1-0"]
[WhiteElo "2680"]
[BlackElo "1368"]
[TimeControl "300"]
[EndTime "9:19:08 PDT"]
[Termination "Trendle won by checkmate"]

1. e4 Nf6 2. e5 Nd5 3. d4 d6 4. c4 Nb6 5. exd6 cxd6 6. Nc3 g6 7.
Be3 Bg7 8. Rc1 O-O 9. b3 Nc6 10. d5 Ne5 11. Be2 e6 12. f4 Re8 13. fxe5 exd5 14.
Nxd5 Nxd5 15. cxd5 Bxe5 16. Nf3 Bb2 17. Bd4 Bxc1 18.
Qxc1 Qe7 19. O-O Bf5 20. Bb5 Rec8 21. Qf4 a6 22. Re1 Qf8 23. Nh4 axb5 24. Nxf5 gxf5 25. Qg5+ Qg7 26. Qxg7# 1-0

[Event "Live Chess"]
[Site "Chess.com"]
[Date "2023.05.20"]
[Round "-"]
[White "stevefairhurst"]
[Black "white59867"]
[Result "1-0"]
[WhiteElo "525"]
[BlackElo "100"]
[TimeControl "300"]
[EndTime "9:19:11 PDT"]
[Termination "stevefairhurst won by checkmate"]

1. e4 e5 2. Nf3 d6 3. Bc4 d5 4.
exd5 Bd6 5. d3 Nf6 6. Ng5 O-O 7.
Qf3 Bg4 8. Qg3 Nbd7 9. Qxg4 Nxg4 10. h3 Ngf6 11. O-O Nxd5 12. Bxd5 c6 13. Bc4 Be7 14.
f4 Bxg5 15. fxg5 h6 16. g6 Nb6 17. Bb3 Nd5 18. Bxd5 cxd5 19. Nc3 Qb6+ 20. Kh1 Qxg6 21.
Nxd5 Rae8 22. d4 Re6 23. Nc7 Rf6 24. dxe5 Rf2 25. Rxf2 f6 26. e6 Rd8 27. Bd2 Rf8 28. e7 Re8 29. Nxe8 Qxe8 30. Re2 g6 31. Bxh6 g5 32. Rf1 Qh5 33. Re6 Qe8 34. Rfxf6 Qf7 35. Rxf7 Kxf7 36. e8=Q# 1-0

[Event "Live Chess"]
[Site "Chess.com"]
[Date "2023.05.20"]
[Round "-"]
[White "Kr1xot4_XGOD"]
[Black "xx_blindpuffin_xx"]
[Result "1-0"]
[WhiteElo "2158"]
[BlackElo "2193"]
[TimeControl "300"]
[EndTime "9:19:19 PDT"]
[Termination "Kr1xot4_XGOD won by resignation"]

1. d4 d5 2. Nc3 e6 3. e4 dxe4 4.
Nxe4 Bd7 5. Bd3 Bc6 6. Nf3 Nd7 7. c3 Ngf6 8. Nxf6+ Nxf6 9. O-O Bd6 10. a3 O-O 11. b4 b6 12. c4 Be7 13. Bb2 a5 14. Ne5 Bb7 15. b5 Nd7 16. Nxd7 Qxd7 17. c5 bxc5 18. dxc5 c6 19. Bxh7+ 1-0

[Event "Live Chess"]
[Site "Chess.com"]
[Date "2023.05.20"]
[Round "-"]
[White "LodeshChess"]
[Black "WelshTiger"]
[Result "0-1"]
[WhiteElo "874"]
[BlackElo "2468"]
[TimeControl "300"]
[EndTime "9:19:25 PDT"]
[Termination "WelshTiger won by resignation"]

1. e4 c6 2. Nf3 d5 3. d3 dxe4 4.
Ng5 Nf6 5. Nc3 Bf5 6. dxe4 Qxd1+ 7. Nxd1 Nxe4 8. Nxe4 Bxe4 9. Nc3 Bg6 10. Be3 e6 11.
Bd3 Nd7 12. Bxg6 hxg6 13. O-O Bc5 14. Bxc5 Nxc5 15. b4 Nd7 16. Ne4 Ke7 17. Rad1 Nb6 18. a3 Rhd8 19. Nc5 Rxd1 20. Rxd1 Rb8 21. a4 Nd5 22. b5 b6 23. Na6 Rc8 24. c4 Nc3 25. Ra1 c5 26. Ra3 Ne4 27. Kf1 Nd2+ 28. Ke2 Nxc4 29. Rc3 Nd6 30. Nb4 cxb4 31. Rxc8 Nxc8 32. Kd2 Kd6 33. Kc2 Kc5 34. Kb3 Nd6 35. f3 Nf5 0-1

[Event "Live Chess"]
[Site "Chess.com"]
[Date "2023.05.20"]
[Round "-"]
[White "ZackirtyChess"]
[Black "WilliamofOrange16th"]
[Result "0-1"]
[WhiteElo "1144"]
[BlackElo "1932"]
[TimeControl "300"]
[EndTime "9:19:30 PDT"]
[Termination "WilliamofOrange16th won by checkmate"]

1. d4 d5 2. c4 c6 3. Nc3 Nf6 4. Nf3 a6 5. cxd5 cxd5 6. Bg5 Ne4 7.
e3 h6 8. Bh4 Qa5 9. Qb3 Nc6 10.
Bd3 Nxc3 11. Qxc3 Qxc3+ 12. bxc3 Bg4 13. Ne5 Nxe5 14. dxe5 Bd7 15. O-O e6 16. Rab1 b5 17.
Rb2 g5 18. Bg3 Bc6 19. Re1 Be7 20. e4 Kd7 21. exd5 Bxd5 22. Rc2 Rhc8 23. Rec1 Bc4 24. Be4 Rab8 25. h3 Ba3 26. Rd1+ Ke7 27. h4 Rd8 28. Rxd8 Rxd8 29. hxg5 Rd1+ 30. Kh2 hxg5 31.
f4 gxf4 32. Bxf4 f6 33. exf6+ Kxf6 34. Rf2 Ke7 35. Bg5+ Kd7 36. Rf7+ Kd6 37. Bf4+ Kc5 38. Rc7+ Kb6 39. Rc6+ Ka7 40. Be3+ Kb8 41. Rxa6 Bd6+ 42.
Kh3 Rh1+ 43. Kg4 Be2+ 44. Bf3 Bxf3+ 45. Kxf3 Kc7 46. Ra7+ Kc6 47. Ra6+ Kd5 48. Ra5 Kc6 49. g4 Rh3+ 50. Kg2 Rxe3 51. g5 Rg3+ 52. Kf2 Rxg5 53. Ra6+ Kd5 54. Ke3 Rg3+ 55. Kf2 Rxc3 56. Ra5 Kc4 57.
Ke2 Bc5 58. Ra6 e5 59. Re6 Bd4 60. Rc6+ Kd5 61. Rxc3 Bxc3 62. Kd3 Bd4 63. a3 e4+ 64. Ke2 Kc4 65. Kd2 Kb3 66. Kc1 Kxa3 67. Kc2 b4 68. Kd2 b3 69. Kc1 b2+ 70. Kb1 e3 71. Kc2 e2 72. Kd3 b1=Q+ 73. Kxe2 Qc2+ 74. Kf3 Qd3+ 75. Kf4 Qe3+ 76. Kf5 Kb4 77. Kg4 Qf2 78. Kh3 Qg1 79. Kh4 Kc5 80. Kh5 Kd5 81. Kh6 Ke5 82. Kh7 Kf5 83. Kh6 Kf6 84. Kh7 Qg7# 0-1

[Event "Live Chess"]
[Site "Chess.com"]
[Date "2023.05.20"]
[Round "-"]
[White "jk0110"]
[Black "McSlash1"]
[Result "0-1"]
[WhiteElo "1066"]
[BlackElo "2068"]
[TimeControl "300"]
[EndTime "9:19:30 PDT"]
[Termination "McSlash1 won by checkmate"]

1. e4 c5 2. b4 cxb4 3. d4 e6 4. Nf3 d5 5. e5 Nc6 6. a3 f6 7. axb4 Bxb4+ 8. c3 Ba5 9. exf6 Nxf6 10. Bd3 O-O 11.
O-O Bc7 12. h3 Qd6 13. Bg5 Ne4 14. Re1 Nxg5 15. Nxg5 Qh2+ 16. Kf1 Qh1+ 17. Ke2 Qxg2 18. Rg1 Qxf2# 0-1

[Event "Live Chess"]
[Site "Chess.com"]
[Date "2023.05.20"]
[Round "-"]
[White "Ayush_prahlad_Gupta"]
[Black "MrDodgy"]
[Result "0-1"]
[WhiteElo "1800"]
[BlackElo "2323"]
[TimeControl "300"]
[EndTime "9:19:32 PDT"]
[Termination "MrDodgy won by checkmate"]

1. e4 c5 2. Nc3 Nc6 3. Bc4 e6 4.
a4 Nf6 5. Nf3 Nxe4 6. Nxe4 d5 7.
Bxd5 exd5 8. Ng3 Bd6 9. O-O O-O 10. d4 c4 11. Bg5 Qc7 12. c3 h6 13. Be3 Bg4 14.
h3 Be6 15. Nh5 g6 16. Nf6+ Kg7 17. Ng4 Rh8 18. Qd2 Bxg4 19. hxg4 Rae8 20. Ne5 f6 21. Nxc6 bxc6 22. f4 Re4 23. g5 hxg5 24. fxg5 Bh2+ 25. Kf2 Qg3+ 26. Ke2 Rhe8 27. gxf6+ Kf7 28. Rf3 Qxg2+ 29. Rf2 Rxe3+ 30. Kd1 Re1+ 31. Kc2 Qe4+ 32. Qd3 Qxd3# 0-1

[Event "Live Chess"]
[Site "Chess.com"]
[Date "2023.05.20"]
[Round "-"]
[White "djw60"]
[Black "VovaOvchar1990"]
[Result "1-0"]
[WhiteElo "2119"]
[BlackElo "1217"]
[TimeControl "300"]
[EndTime "9:19:32 PDT"]
[Termination "djw60 won by checkmate"]

1. Nf3 Nc6 2. d4 d5 3. c4 dxc4 4. d5 Nb8 5. e4 e6 6. Bxc4 exd5 7. exd5 Bb4+ 8. Nc3 Bxc3+ 9. bxc3 Nf6 10. O-O O-O 11.
Bg5 h6 12. Bh4 Nbd7 13. Bb3 Qe7 14. Re1 Qd6 15. c4 Ng4 16. Be7 Qf4 17. g3 Qf5 18. Bc2 Qh5 19. Bxf8 Nxf8 20. Re8 f5 21. Qe2 Nf6 22.
Re7 Bd7 23. Nd4 Ng6 24. Qxh5 Nxh5 25. Rxd7 Rc8 26. Bxf5 Ne5 27. Rxg7+ Kxg7 28. Bxc8 Nxc4 29. Bxb7 Nd6 30. Bc6 Nf6 31. Ne6+ Kg6 32. Nxc7 Nfe4 33. Re1 Kg5 34. Ne6+ Kf5 35. Nd4+ Kg4 36. Kg2 a5 37. f3+ Kg5 38. fxe4 a4 39. e5 a3 40. exd6 h5 41. d7 h4 42. d8=Q+ Kg4 43. h3+ Kh5 44. g4+ Kh6 45. Re6+ Kg7 46. Qd7+ Kf8 47. Re8# 1-0

[Event "Live Chess"]
[Site "Chess.com"]
[Date "2023.05.20"]
[Round "-"]
[White "EdenHazard8"]
[Black "TobyQuaite"]
[Result "1-0"]
[WhiteElo "2103"]
[BlackElo "1710"]
[TimeControl "300"]
[EndTime "9:19:32 PDT"]
[Termination "EdenHazard8 won by resignation"]

1. e4 e6 2. d4 d5 3. exd5 exd5 4. Bd3 Nf6 5. c3 Bd6 6. Nf3 O-O 7. O-O h6 8. h3 c6 9. Nbd2 Nbd7 10. Re1 Re8 11.
Nf1 Rxe1 12. Qxe1 Qc7 13. Ne3 Nf8 14. Nf5 Bxf5 15. Bxf5 Re8 16. Qd1 Ne6 17. Bc2 c5 18. Be3 c4 19. Qd2 Nf4 20. Nh4 g6 21. g3 Nxh3+ 22.
Kg2 Ng5 23. Bxg5 hxg5 24. Qxg5 Ne4 25. Bxe4 dxe4 26. Rh1 Bf8 27. Nxg6 fxg6 28. Qxg6+ 1-0

[Event "Live Chess"]
[Site "Chess.com"]
[Date "2023.05.20"]
[Round "-"]
[White "HonestJoe1"]
[Black "Iggle-Piggle"]
[Result "1-0"]
[WhiteElo "2117"]
[BlackElo "1254"]
[TimeControl "300"]
[EndTime "9:19:33 PDT"]
[Termination "HonestJoe1 won by resignation"]

1. d4 d5 2. Nf3 e6 3. c4 Nf6 4.
g3 c6 5. Bg2 dxc4 6. O-O Be7 7.
Ne5 O-O 8. Nxc4 Nbd7 9. Nc3 Nb6 10. Ne5 Nbd5 11. e4 Nxc3 12. bxc3 Qa5 13. Qb3 Rd8 14. Be3 Bd7 15. Nc4 Qa6 16. Rfb1 b6 17. Ne5 c5 18. Nxd7 Nxd7 19. e5 Rab8 20. Qd1 cxd4 21. cxd4 Nf8 22. Qh5 h6 23. Be4 Qe2 1-0

[Event "Live Chess"]
[Site "Chess.com"]
[Date "2023.05.20"]
[Round "-"]
[White "KeithArkell"]
[Black "lateforthesky"]
[Result "1-0"]
[WhiteElo "2609"]
[BlackElo "2133"]
[TimeControl "300"]
[EndTime "9:19:34 PDT"]
[Termination "KeithArkell won by resignation"]

1. d4 Nf6 2. Nf3 g6 3. c4 Bg7 4.
g3 d6 5. Bg2 O-O 6. O-O Nbd7 7.
d5 Nb6 8. Nbd2 c6 9. dxc6 bxc6 10. Nd4 Bb7 11. Nxc6 Qc7 12. Nb4 Bxg2 13. Kxg2 Nxc4 14.
Nxc4 Qxc4 15. Nd3 Rfc8 16. Bd2 Ne4 17. Be3 a5 18. Kg1 a4 19. b3 axb3 20. axb3 Rxa1 21. Qxa1 Qxb3 22. Qa6 h5 23. Qxc8+ 1-0

[Event "Live Chess"]
[Site "Chess.com"]
[Date "2023.05.20"]
[Round "-"]
[White "KING_BOBBB"]
[Black "nigelst"]
[Result "0-1"]
[WhiteElo "521"]
[BlackElo "1847"]
[TimeControl "300"]
[EndTime "9:19:35 PDT"]
[Termination "nigelst won by resignation"]

1. e4 c6 2. Nc3 d5 3. d4 dxe4 4. Nxe4 Bf5 5. Bd3 Bxe4 6. Bxe4 Nf6 7. Qd3 e6 8. Nf3 Bd6 9. Bg5 O-O 10. Bxf6 Qxf6 11.
Ne5 g6 12. O-O Bxe5 13. dxe5 Qxe5 14. f4 Qc5+ 15. Rf2 Na6 16. a3 Rad8 17. b4 Qb6 18. Qc3 Rd7 19. a4 Rfd8 20. a5 Qd4 21. Qxd4 Rxd4 22. Bf3 Nxb4 23. c3 Rxf4 24. cxb4 Rxb4 25. Rd1 Rxd1+ 26. Bxd1 Rb1 27. Rf1 Ra1 28. g3 Rxa5 29. h4 Rd5 30. Kg2 a5 31. Ba4 b5 32. Bb3 Rd3 33.
Rf3 Rd2+ 34. Rf2 Rd4 35. Rc2 a4 36. Ba2 b4 37. Rxc6 Rd2+ 38. Kf3 Rxa2 39. Rc8+ Kg7 40. Rb8 Rb2 41. Ke3 a3 42. Ra8 a2 43. Kd3 b3 44.
Kc3 Rb1 45. Rxa2 bxa2 46. Kc2 a1=Q 47. Kd3 Qa4 0-1

[Event "Live Chess"]
[Site "Chess.com"]
[Date "2023.05.20"]
[Round "-"]
[White "apl_trainer"]
[Black "PaulHumphreys"]
[Result "1-0"]
[WhiteElo "1507"]
[BlackElo "1365"]
[TimeControl "300"]
[EndTime "9:19:38 PDT"]
[Termination "apl_trainer won by resignation"]

1. d4 d5 2. c4 e6 3. Nc3 a6 4.
Nf3 Bb4 5. Qa4+ Nc6 6. cxd5 exd5 7. Bf4 b5 8. Qc2 Nge7 9. e3 Bf5 10. Bd3 Bxd3 11.
Qxd3 Ng6 12. Bg3 O-O 13. Rc1 Rc8 14. O-O Na5 15. b3 Ba3 16. Rc2 Bd6 17. Qf5 Bxg3 18. hxg3 c6 19. Rfc1 Ne7 20. Qh5 Nb7 21. Ne2 Nd6 22. Nf4 Ne4 23. Ng5 Nf6 24. Qh3 h6 25. Nfe6 fxe6 26. Qxe6+ Kh8 27. Nf7+ Rxf7 28. Qxf7 Ne4 29.
Qf4 Ng6 30. Qg4 Rc7 31. Rxc6 1-0

[Event "Live Chess"]
[Site "Chess.com"]
[Date "2023.05.20"]
[Round "-"]
[White "Ian-Morley"]
[Black "Olisingapore"]
[Result "0-1"]
[WhiteElo "1045"]
[BlackElo "1955"]
[TimeControl "300"]
[EndTime "9:19:39 PDT"]
[Termination "Olisingapore won by resignation"]

1. e4 c5 2. Nf3 d6 3. Bb5+ Nd7 4. Bxd7+ Bxd7 5. O-O Nf6 6. Re1 g6 7. c3 Bg7 8. d4 cxd4 9. cxd4 Rc8 10. Nc3 O-O 11. Be3 b5 12. a4 b4 13. Nd5 Nxd5 14. exd5 a5 15. b3 Qb6 16. Rc1 Rc3 17. Rxc3 bxc3 18. Qc2 Rc8 19. Rc1 Bf5 20. Qe2 Qxb3 21. Nh4 c2 22.
Nxf5 gxf5 23. Qa6 Qc4 24. Qxc4 Rxc4 25. Kf1 Bxd4 26. Bxd4 Rxd4 27. Rxc2 Rxa4 28. Ke2 Re4+ 29. Kd3 a4 30. Ra2 Kg7 31. f3 Rb4 32. Kc3 Rb3+ 33.
Kc4 Rb1 34. Rxa4 Rh1 35. h3 Rh2 36. g4 Rxh3 37. gxf5 Rxf3 38. Kb5 Rxf5 39. Kc6 Kf6 40. Kd7 Rxd5 41. Rf4+ Rf5 42. Rh4 h5 43. Rh1 Kg5 44. Kxe7 d5 45. Rg1+ Kf4 46. Rd1 h4 47. Rf1+ Ke4 48.
Re1+ Kf3 49. Rf1+ Kg4 50. Rg1+ Kh5 51. Kd6 d4 52. Rg8 Rf4 53. Ke7 d3 54. Rd8 Rf3 55. Rh8+ Kg4 56. Rg8+ Kh3 57. Rg1 Kh2 58. Rd1 h3 59. Rd2+ Kg3 60. Kd6 h2 0-1

[Event "Live Chess"]
[Site "Chess.com"]
[Date "2023.05.20"]
[Round "-"]
[White "Delacorta"]
[Black "TheSmoulderingMaster"]
[Result "0-1"]
[WhiteElo "1415"]
[BlackElo "1799"]
[TimeControl "300"]
[EndTime "9:19:41 PDT"]
[Termination "TheSmoulderingMaster won by resignation"]

1. d4 Nf6 2. Nf3 d6 3. e3 g6 4. c4 Bg7 5. Nc3 O-O 6. h3 Nbd7 7. Bd3 Re8 8. e4 e5 9. d5 Nc5 10. Be3 Nh5 11. Bc2 f5 12. exf5 Bxf5 13. Bxf5 gxf5 14. Ng5 f4 15. Qxh5 h6 16. Qf7+ Kh8 17. Ne6 Nxe6 18. dxe6 fxe3 19. fxe3 Re7 20. Qg6 Qf8 21.
Rf1 Qg8 22. Nd5 Rxe6 23. Nxc7 Rxg6 24. Nxa8 0-1

[Event "Live Chess"]
[Site "Chess.com"]
[Date "2023.05.20"]
[Round "-"]
[White "AyannaTang"]
[Black "Crowded_House"]
[Result "0-1"]
[WhiteElo "179"]
[BlackElo "1682"]
[TimeControl "300"]
[EndTime "9:19:47 PDT"]
[Termination "Crowded_House won by checkmate"]

1. e4 e6 2. Bc4 d5 3. exd5 exd5 4. Bb3 c6 5. Nf3 Bd6 6. d4 Ne7 7. Be3 O-O 8. O-O Bg4 9. h3 Bh5 10. g4 Bg6 11. Nc3 Re8 12. Bg5 f6 13. Be3 Nd7 14. Na4 b6 15. Qd2 Qc7 16. Qc3 Bf4 17. Rad1 Bxe3 18.
Qxe3 Nf5 19. gxf5 Rxe3 20. Rfe1 Rxe1+ 21. Rxe1 Bxf5 22. Ne5 fxe5 23. dxe5 Nxe5 24. Nc3 Nf3+ 25. Kg2 Nxe1+ 26. Kf1 Nxc2 27. Bxc2 Bxc2 28. Ne2 Bd3 29. b4 Bxe2+ 30. Kxe2 Qe5+ 31. Kf3 Re8 32. Kg2 Qe4+ 33. Kf1 Qb1+ 34. Kg2 Re2 35. Kf3 Qxa2 36. h4 Rxf2+ 37. Ke3 Qd2# 0-1

[Event "Live Chess"]
[Site "Chess.com"]
[Date "2023.05.20"]
[Round "-"]
[White "Hussamalhaidar"]
[Black "guptarayan"]
[Result "0-1"]
[WhiteElo "963"]
[BlackElo "571"]
[TimeControl "300"]
[EndTime "9:19:47 PDT"]
[Termination "guptarayan won by checkmate"]

1. b3 e5 2. Bb2 Nc6 3. Nf3 e4 4. Nd4 Bc5 5. Nxc6 dxc6 6. Bxg7 h5 7. Bxh8 Nf6 8. Bxf6 Qxf6 9. e3 Bg4 10. Be2 Bxe2 11.
Qxe2 Qg6 12. Nc3 Qxg2 13. O-O-O Ba3+ 14. Kb1 b5 15. Qxh5 b4 16. Qh8+ Ke7 17. Qxa8 bxc3 18. Qxc6 cxd2 19. Qxc7+ Ke6 20. Qd7+ Kxd7 21. Rxd2+ Ke6 22.
Rhd1 Qxh2 23. c4 f5 24. Rd5 f4 25. c5 fxe3 26. c6 exf2 27. R5d2 f1=Q 28. Rxf1 Qxd2 29. c7 Qb2# 0-1

[Event "Live Chess"]
[Site "Chess.com"]
[Date "2023.05.20"]
[Round "-"]
[White "Horseymobile"]
[Black "alanmike75"]
[Result "0-1"]
[WhiteElo "1273"]
[BlackElo "1505"]
[TimeControl "300"]
[EndTime "9:19:49 PDT"]
[Termination "alanmike75 won by resignation"]

1. d4 d5 2. c4 c6 3. Nf3 Nf6 4. Nc3 e6 5. e3 Bd6 6. Bd3 Nbd7 7. O-O O-O 8. Qc2 Re8 9. c5 Bc7 10. b4 a6 11. Ng5 h6 12. Nxf7 Kxf7 13. Bg6+ Kg8 14. Bxe8 Qxe8 15. e4 e5 16. exd5 cxd5 17. Re1 e4 18. f3 Qh5 19. h3 exf3 20. gxf3 Qxh3 21. Qg2 Qxg2+ 22. Kxg2 Nf8 23. Rg1 Bd7 24. Kf2 Kh8 25. Be3 Re8 26. Ne2 Ne6 27. Rg6 Kh7 28.
Rag1 Rf8 29. Nf4 Nxf4 30. Bxf4 Bxf4 31. Rxg7+ Kh8 32. R1g6 Bf5 33. Rg2 Nd7 34. Re7 Bg5 35. Re1 Bh4+ 0-1

[Event "Live Chess"]
[Site "Chess.com"]
[Date "2023.05.20"]
[Round "-"]
[White "thrithik"]
[Black "PureMellowPlan"]
[Result "0-1"]
[WhiteElo "489"]
[BlackElo "605"]
[TimeControl "300"]
[EndTime "9:19:52 PDT"]
[Termination "PureMellowPlan won by checkmate"]

1. a3 e5 2. Nc3 Nf6 3. Ne4 Nxe4 4. d3 Nf6 5. e4 d5 6. Qf3 dxe4 7. Bd2 exf3 8. Be2 fxg2 9. Bf3 gxh1=Q 10. Bg2 Qxg1+ 11.
Ke2 Qxa1 12. b3 Qxa3 13. b4 Qd7 14. Be3 Qxb4 15. Bd2 Qbg4+ 16. Bf3 Qxf3+ 17. Kxf3 Qd5+ 18. Ke2 Bc5 19. Kd1 Qd4 20. c3 Qxf2 21. Be1 Qf3+ 22. Kd2 Qe3+ 23. Kc2 Qxe1 24. d4 exd4 25. cxd4 Bxd4 26.
Kb3 Qc3+ 27. Ka4 Bc5 28. Kb5 Qb4# 0-1

[Event "Live Chess"]
[Site "Chess.com"]
[Date "2023.05.20"]
[Round "-"]
[White "BMT6"]
[Black "Garyaaa"]
[Result "0-1"]
[WhiteElo "592"]
[BlackElo "969"]
[TimeControl "300"]
[EndTime "9:19:53 PDT"]
[Termination "Garyaaa won by checkmate"]

1. e4 c6 2. d4 d5 3. e5 c5 4. Nf3 cxd4 5. Nxd4 Nc6 6. Nxc6 bxc6 7. Bd3 e6 8. Nc3 f6 9. Qe2 fxe5 10. Ba6 Bxa6 11.
Qxa6 Qc7 12. Na4 Nf6 13. Nc5 Bxc5 14. O-O O-O 15. Re1 e4 16. g3 Ng4 17. Bf4 Qd7 18. h3 Bxf2+ 19. Kg2 Bxe1 20. Rxe1 Nf6 21. Rd1 Qc8 22.
Qxc8 Rfxc8 23. b3 Nh5 24. Bd6 Rd8 25. Be5 Rf8 26. a4 Rf7 27. g4 Nf6 28. Bxf6 Rxf6 29. h4 Raf8 30. g5 Rf2+ 31. Kg1 Rxc2 32. b4 Rff2 33.
b5 cxb5 34. axb5 Rh2 35. Rb1 Rxh4 36. Kf1 Rh1# 0-1

[Event "Live Chess"]
[Site "Chess.com"]
[Date "2023.05.20"]
[Round "-"]
[White "IanCalvert2"]
[Black "Pandreq"]
[Result "0-1"]
[WhiteElo "1551"]
[BlackElo "1272"]
[TimeControl "300"]
[EndTime "9:19:54 PDT"]
[Termination "Pandreq won by resignation"]

1. b3 Nf6 2. Bb2 Nc6 3. Nf3 d6 4. d4 Bf5 5. d5 Nb4 6. Nd4 Bg6 7.
c4 c5 8. dxc6 bxc6 9. a3 Na6 10.
Nxc6 Qb6 11. Nb4 Nc5 12. e3 a5 13. Nd5 Nxd5 14. cxd5 Qxb3 15. Qxb3 Nxb3 16. Bb5+ Kd8 17.
Ra2 Bxb1 0-1

[Event "Live Chess"]
[Site "Chess.com"]
[Date "2023.05.20"]
[Round "-"]
[White "Chris_pea"]
[Black "Krishtwist2013gmailc"]
[Result "1-0"]
[WhiteElo "615"]
[BlackElo "725"]
[TimeControl "300"]
[EndTime "9:19:54 PDT"]
[Termination "Chris_pea won by checkmate"]

1. e4 e5 2. Nf3 Nc6 3. Bb5 g6 4. Nc3 f5 5. d3 Bd6 6. O-O Nge7 7. Re1 f4 8. Nd5 Nxd5 9. exd5 Nd4 10. Ba4 Nxf3+ 11.
Qxf3 O-O 12. b3 Re8 13. Bb2 e4 14. Rxe4 Rxe4 15. Qxe4 b6 16. Qd4 Ba6 17. Qg7# 1-0

[Event "Live Chess"]
[Site "Chess.com"]
[Date "2023.05.20"]
[Round "-"]
[White "Jio85"]
[Black "RoaringKnights"]
[Result "1-0"]
[WhiteElo "2033"]
[BlackElo "918"]
[TimeControl "300"]
[EndTime "9:19:55 PDT"]
[Termination "Jio85 won by checkmate"]

1. e4 c6 2. d4 d5 3. e5 Bf5 4.
Nf3 Nd7 5. Nc3 e6 6. Bf4 c5 7. Qd2 c4 8. Nb5 a5 9. b3 Bb4 10. c3 Be7 11. bxc4 dxc4 12. Bxc4 f6 13. a4 fxe5 14.
Bxe5 Bf6 15. Nd6+ Kf8 16. Nxb7 Qc8 17. Nd6 Qd8 18. Nxf5 exf5 19. Qf4 Qe8 20. O-O Nxe5 21. dxe5 Be7 22. Qxf5+ Nf6 23. exf6 Bxf6 24. Rfe1 Qc6 25. Ne5 Qc7 26. Nd7+ Qxd7 27. Qxd7 Rd8 28. Qf7# 1-0

[Event "Live Chess"]
[Site "Chess.com"]
[Date "2023.05.20"]
[Round "-"]
[White "MaximKris"]
[Black "NAZRIZ1977"]
[Result "0-1"]
[WhiteElo "1790"]
[BlackElo "2147"]
[TimeControl "300"]
[EndTime "9:19:59 PDT"]
[Termination "NAZRIZ1977 won by checkmate"]

1. e4 c5 2. Nf3 d6 3. c3 Nf6 4. Bb5+ Bd7 5. Bxd7+ Qxd7 6. d3 Nc6 7. O-O e6 8. Re1 Be7 9. Bg5 O-O 10. Nbd2 a6 11.
e5 dxe5 12. Nxe5 Nxe5 13. Rxe5 Qc7 14. Bf4 Bd6 15. Nc4 Bxe5 16. Bxe5 Qd8 17. Qf3 b5 18. Bxf6 Qxf6 19. Qxf6 gxf6 20. Ne3 Rfd8 21. Rd1 Rd7 22. Kf1 Rad8 23. Ke2 Kg7 24. c4 Kg6 25. b3 f5 26. a4 bxa4 27. bxa4 Rb8 28. Rd2 Rdb7 29. d4 cxd4 30. Rxd4 Rb2+ 31. Kf3 R2b4 32. Nc2 Rxa4 33. c5 Rxd4 34. Nxd4 Rc8 35. c6 e5 36. Nb3 Rxc6 37. Nd2 a5 38. Nf1 a4 39.
Ne3 a3 40. Nd1 a2 41. Nb2 a1=Q 42. Nd3 e4+ 43. Kg3 exd3 44. Kh4 Qf6+ 45. Kh3 d2 46. g3 d1=Q 47. Kg2 Rc3 48. f4 Qe2+ 49. Kh1 Rc1# 0-1

[Event "Live Chess"]
[Site "Chess.com"]
[Date "2023.05.20"]
[Round "-"]
[White "JamesWallman"]
[Black "Outspanner"]
[Result "0-1"]
[WhiteElo "794"]
[BlackElo "1579"]
[TimeControl "300"]
[EndTime "9:20:02 PDT"]
[Termination "Outspanner won on time"]

1. e4 d6 2. d4 Nf6 3. Nc3 Nbd7 4. Nf3 e5 5. d5 c6 6. Bc4 Be7 7. Be3 Ng4 8. O-O Nxe3 9. fxe3 c5 10. h3 O-O 11. Nh2 a6 12. Ng4 b5 13. Be2 Bg5 14.
Rf3 Nf6 15. Nxf6+ Bxf6 16. Qe1 Bh4 17. Qf1 Qg5 18. a3 f5 19. exf5 Bxf5 20. Bd3 Bxd3 21. Qxd3 Rxf3 22. Rf1 Rxf1+ 23. Qxf1 Rf8 24. Qe2 Ra8 25. Ne4 Qxe3+ 26. Qxe3 Rf8 27. Nxd6 Bf6 28. Nf5 Rd8 29. Qf3 Re8 30. d6 e4 31. Qg3 g6 32.
Nh6+ Kg7 33. Nf5+ Kg8 34. Qe3 gxf5 35. Qg3+ Kf7 36. Qf4 e3 37. Qf1 e2 38. Qe1 Bh4 39. Qxh4 e1=Q+ 40. Qxe1 Rxe1+ 0-1